 Dungeon Crawl Stone Soup version 0.27.1 (webtiles) character file.

Game seed: 7154787750477112129

68 H0rd4k the Caller (level 4, -3/30 HPs)
             Began as a Barachi Summoner on Sept 1, 2021.
             Slain by a gnoll (5 damage)
             ... on level 2 of the Dungeon.
             The game lasted 00:02:05 (1384 turns).

H0rd4k the Caller (Barachi Summoner)                Turns: 1384, Time: 00:02:05

Health: -3/30      AC:  3    Str:  9    XL:     4   Next: 19%
Magic:  3/8        EV: 12    Int: 17    God:
Gold:   29         SH:  0    Dex: 12    Spells: 5/9 levels left

rFire    + . .     SeeInvis .   b - +2 short sword (venom)
rCold    x . .     Faith    .   (no shield)
rNeg     . . .     Spirit   .   a - +1 robe
rPois    .         Reflect  .   (no helmet)
rElec    .         Harm     .   (no cloak)
rCorr    .         Rampage  .   (no gloves)
Will     .....                  (no boots)
Stlth    ++........             (no amulet)
HPRegen  0.10/turn              c - ring of fire
MPRegen  0.11/turn              (no ring)

@: unable to hop, flying, slow
A: amphibious, slowness 1, strong legs 1, +LOS
a: Hop


You were on level 2 of the Dungeon.
You visited 1 branch of the dungeon, and saw 2 of its levels.

You collected 29 gold pieces.

Inventory:

Hand Weapons
 b - a +2 short sword of venom (weapon)
Armour
 a - a +1 robe (worn)
Jewellery
 c - a ring of fire (left hand)
Scrolls
 e - a scroll of torment {unknown}


   Skills:
 + Level 0.2 Fighting
 + Level 0.6 Short Blades
 + Level 2.5 Dodging
 - Level 1.7 Stealth
 * Level 3.2 Spellcasting
 * Level 5.7 Summonings


You had 5 spell levels left.
You knew the following spells:

 Your Spells              Type           Power      Damage    Failure   Level
a - Summon Small Mammal   Summ           88%        N/A       1%          1
b - Call Canine Familiar  Summ           22%        N/A       4%          3

Your spell library contained the following spells:

 Spells                   Type           Power      Damage    Failure   Level
 Call Imp                 Summ           22%        N/A       2%          2
 Summon Guardian Golem    Hex/Summ       12%        N/A       16%         3
 Conjure Flame            Conj/Fire      4%         6-21      45%         3
 Ignite Poison            Fire/Tmut/Pois 4%         N/A       45%         3
 Summon Lightning Spire   Summ/Air       12%        N/A       45%         4
 Sticky Flame             Conj/Fire      4%         2d3       86%         4


Dungeon Overview and Level Annotations

Branches:
Dungeon (2/15)

Altars:

Shops:
D:1 :

Annotations:
D:1 exclusion: downstairs
D:2 Sigmund


Innate Abilities, Weirdness & Mutations

You are amphibious.
You cover ground slowly.
You can hop short distances.
You have an extended range of vision and can be seen from far away.


Message History

The gnoll hits you with a +0 whip!
* * * LOW HITPOINT WARNING * * *
You swap places.
Your hound bites the gnoll but does no damage.
Your hound closely misses the gnoll.
The gnoll closely misses your hound.
You closely miss the ball python.
Your hound bites the gnoll.
The ball python bites you.
* * * LOW HITPOINT WARNING * * *
The ball python barely misses you. The gnoll misses your hound.
Your hound bites the gnoll.
It was a potion of flight.
You feel very buoyant.
You fly up into the air.
The ball python closely misses you. The ball python barely misses you.
Your hound bites the gnoll.
The gnoll hits your hound with a +0 whip.
Your magical contamination has completely faded away.
You hit the ball python.
You kill the ball python!
Your hound bites the gnoll.
The gnoll dies!
Your hound completely misses the gnoll.
The gnoll hits your hound with a +0 flail!
Your hound bites the gnoll.
The gnoll barely misses your hound.
Your hound bites the gnoll.
You see here a ball python corpse.
Your hound bites the gnoll but does no damage.
The gnoll hits your hound with a +0 flail!
Your hound dies!
Your hound's corpse disappears in a puff of smoke!
As you read the scroll labelled ASMYMO IJAGIMY, it crumbles to dust.
It is a scroll of enchant armour.
Your +0 robe glows green for a moment.
You are too injured to fight recklessly!
Okay, then.
You feel more buoyant.
Sigmund shouts!
Sigmund casts a spell at you. You resist with some effort.
The gnoll hits you with a +0 flail.
You die...

.# ### #.. ..# ..### ..#
#.# #.#### ..... #.#
#.### #..... ..### #.#
#.#.. .....# #.# #.#.#
##.##.# # #.# #.#.#
###...#.# #.# #.# #.#.#
#.g.....####... #.###
#.#.# #@#............
#...######.#.#
#.##.##........
.........<.#.#
#.##.....###
###..........###.#####.##
# #########.).)..#####.#
# ##..†..(g§.†.# #
############# # #


You could see a gnoll.

Vanquished Creatures
  A gnoll (D:2)
  A dart slug (D:1)
  2 endoplasms (D:1)
  A goblin (D:1)
  5 hobgoblins
  4 kobolds (D:1)
  A quokka (D:1)
  A ball python (D:2)
  3 bats (D:1)
  2 frilled lizards (D:1)
  2 rats (D:1)
23 creatures vanquished.

Vanquished Creatures (collateral kills)
  A gnoll shaman (D:2)
  A gnoll (D:2)
  A hobgoblin (D:1)
  2 jackals (D:1)
  A kobold (D:1)
  A ball python (D:1)
  A bat (D:1)
  A frilled lizard (D:1)
  2 rats
11 creatures vanquished.

Grand Total: 34 creatures vanquished

Notes
Turn   | Place    | Note
-------+----------+-------------------------------------------
     0 | D:1      | H0rd4k the Barachi Summoner began the quest for the Orb.
     0 | D:1      | Reached XP level 1. HP: 13/13 MP: 3/3
   137 | D:1      | Reached skill level 5 in Summonings
   217 | D:1      | Reached XP level 2. HP: 15/19 MP: 3/5
   841 | D:1      | Reached XP level 3. HP: 24/24 MP: 7/7
   984 | D:1      | Found a faded altar of an unknown god.
  1097 | D:1      | Found Oxuif's Book Shoppe.
  1165 | D:2      | Noticed Sigmund
  1176 | D:1      | Learned a level 3 spell: Call Canine Familiar
  1356 | D:2      | Reached XP level 4. HP: 12/30 MP: 5/8
  1371 | D:2      | HP: 1/30 [ball python (1)]
  1384 | D:2      | Slain by a gnoll

Illustrated notes

Levels and vault maps discovered:
D:1:      zaba_arrival_water, layout_loops_ring, basic_ecumenical_altar,
          serial_shops, shop_statue, minmay_tiny_reverse_x
D:2:      layout_loops_ring, uniq_sigmund

Skill      XL: |  1  2  3 |
---------------+----------+-----
Summonings     | 5 |  5.7
Spellcasting   | 3 |  3.2
Fighting       | |  0.2
Short Blades   | |  0.6
Dodging        | |  2.5
Stealth        | |  1.7

Action                   |  1- 3 |  4- 6 || total
-------------------------+-------+-------++-------
Melee: Short sword       |    64 |     2 ||    66
 Cast: Summon Small Mamm |    28 |       ||    28
       Call Canine Famil |     1 |     1 ||     2
 Abil: Hop               |       |     1 ||     1
  Use: Potion            |       |     2 ||     2
       Scroll            |       |     1 ||     1
 Stab: Sleeping          |     1 |       ||     1
Armor: Robe              |    17 |       ||    17
Dodge: Dodged            |    54 |     4 ||    58
